 Dungeon Crawl Stone Soup version 0.27.0-1-g7a089689b8 (webtiles) character file.

Game seed: 1676457865230982379

63 Spaninq the Ducker (level 3, -3/18 HPs)
             Began as a Felid Abyssal Knight on Aug 9, 2021.
             Was a Priest of Lugonu.
             Slain by an adder (4 damage)
             ... on level 4 of the Dungeon.
             The game lasted 00:07:26 (4801 turns).

Spaninq the Ducker (Felid Abyssal Knight)           Turns: 4801, Time: 00:07:26

Health: -3/18      AC:  1    Str:  9    XL:     3   Next: 89%
Magic:  5/5        EV: 18    Int: 13    God:    Lugonu [***...]
Gold:   92         SH:  0    Dex: 15    Spells: 2/2 levels left
                                        Lives:  0   Deaths: 1

rFire    . . .     SeeInvis +     - Unarmed
rCold    . . .     Faith    .   (shield unavailable)
rNeg     . . .     Spirit   .   (armour unavailable)
rPois    .         Reflect  .   (helmet unavailable)
rElec    .         Harm     .   (cloak unavailable)
rCorr    .         Rampage  .   (gloves unavailable)
Will     +....                  (boots unavailable)
Stlth    +.........             (no amulet)
HPRegen  0.06/turn              (no ring)
MPRegen  0.09/turn              (no ring)

@: quick
A: very small, claws 1, fangs 3, see invisible, speed 1, shaggy fur 1, stealthy
paws, no weapons or thrown items, no armour, multi-lived, strong-willed 1,
subdued magic 1
a: Renounce Religion, Depart the Abyss, Bend Space, Banish


You were on level 4 of the Dungeon.
You worshipped Lugonu.
Lugonu was most pleased with you.
You visited 1 branch of the dungeon, and saw 4 of its levels.
You visited the Abyss 1 time.

You collected 92 gold pieces.

Inventory:

Jewellery
 h - a ring of magical power
Wands
 f - a wand of flame (6)
Scrolls
 a - a scroll of blinking {unknown}
 b - a scroll of silence {unknown}
 d - 2 scrolls of immolation {unknown}
 e - a scroll of vulnerability {unknown}
 g - a scroll of enchant armour {unknown}
 i - 2 scrolls of noise {unknown}
 j - a scroll of teleportation {unknown}
 k - a scroll of enchant weapon {unknown}
 l - 2 scrolls of fog {unknown}
 m - a scroll of identify {unknown}
Potions
 c - a potion of invisibility {unknown}


   Skills:
 + Level 3.7 Fighting
 + Level 4.2 Dodging
 * Level 3.6 Unarmed Combat
 - Level 1.7 Invocations


You had 2 spell levels left.
You didn't know any spells.
Your spell library contained the following spells:

 Spells                   Type           Power      Damage    Failure   Level
 Conjure Flame            Conj/Fire      0%         6-21      63%         3
 Ignite Poison            Fire/Tmut/Pois 0%         N/A       63%         3
 Ozocubu's Armour         Ice            0%         N/A       63%         3
 Sticky Flame             Conj/Fire      0%         2d3       96%         4
 Ozocubu's Refrigeration  Ice            0%         4d5       100%        7


Dungeon Overview and Level Annotations

Branches:
Dungeon (4/15)
 Temple: D:4-7

Altars:

Annotations:
D:3 Grinder


Innate Abilities, Weirdness & Mutations

You have sharp claws.
You have razor-sharp teeth.
You have supernaturally acute eyesight. (SInv)
You cover ground quickly. (Speed+)
You are covered in fur. (AC +1)
Your paws help you pounce on unaware monsters.
You are incapable of wielding weapons or throwing items.
You cannot wear armour.
You gain extra lives every three experience levels.
You are strong-willed. (Will+)
Your spells are a little easier to cast, but a little less powerful.


Message History

You climb upwards.
Level annotation: Grinder
There is a stone staircase leading down here.
There is an open door here.
You see here a +0 falchion.
There is a stone staircase leading down here.
You climb downwards.
Found 14 gold pieces.
Found an escape hatch in the ceiling.
There is a stone staircase leading up here.
You now have 92 gold pieces (gained 14).
There is an escape hatch in the ceiling here.
Found a stone staircase leading down.
An endoplasm and a dart slug come into view. 2 adders come into view.
Found 4 javelins.
The adder hisses angrily.
The dart slug launches a dart at you. The slug dart misses you.
The dart slug launches a dart at you. The slug dart hits you.
The endoplasm quivers.
The dart slug launches a dart at you. The slug dart hits you.
You closely miss the adder.
The adder hisses angrily.
You bite the adder, but do no damage. The adder bites you.
You barely miss the adder. The adder bites you.
* * * LOW HITPOINT WARNING * * *
The adder bites you.
* * * LOW HITPOINT WARNING * * *
You barely miss the adder. The adder bites you.
* * * LOW HITPOINT WARNING * * *
You scratch the adder but do no damage. The adder completely misses you.
You claw the adder!
The adder is severely wounded.
The adder barely misses you.
You barely miss the adder.
The adder is severely wounded.
The adder bites you.
You die...

###
###############.#######
......................#
#####################.#
########## #...S@.....#
..<.....<# #w##########
########## #.# #.# #.#
#w# #S# #.# #J#


You could see an adder and a dart slug.

Vanquished Creatures
  2 adders (D:2)
  A dart slug (D:2)
  4 orcs (D:3)
  5 ball pythons
  6 endoplasms
  8 giant cockroaches
  9 goblins
  6 hobgoblins
  5 jackals
  8 kobolds
  2 quokkas
  6 bats
  A frilled lizard (D:3)
  3 rats
66 creatures vanquished.

Vanquished Creatures (others)
  10 plants (D:1)
10 creatures vanquished.

Grand Total: 76 creatures vanquished

Notes
Turn   | Place    | Note
-------+----------+-------------------------------------------
     0 | Abyss:1  | Spaninq the Felid Abyssal Knight began the quest for the
                  | Orb.
     0 | Abyss:1  | Reached XP level 1. HP: 10/10 MP: 3/3
    24 | D:1      | Escaped the Abyss
   149 | D:1      | Found a faded altar of an unknown god.
   262 | D:1      | Reached XP level 2. HP: 8/14 MP: 4/4
   659 | D:1      | Reached ** piety under Lugonu
  1052 | D:1      | Reached XP level 3. HP: 17/17 MP: 5/5
  2417 | D:2      | Reached skill level 4 in Dodging
  2921 | D:2      | Reached XP level 4. HP: 12/21 MP: 6/6
  2929 | D:2      | Gained mutation: Your spells are a little easier to cast,
                  | but a little less powerful. [potion of mutation]
  2929 | D:2      | Gained mutation: You are strong-willed. (Will+) [potion of
                  | mutation]
  2930 | D:2      | HP: 1/21 [poisoned by an adder]
  2930 | D:2      | Slain by an adder
  2931 | D:2      | Reached XP level 3. HP: 0/17 MP: 5/5
  4010 | D:3      | Noticed Grinder
  4497 | D:3      | Reached *** piety under Lugonu
  4667 | D:4      | Noticed an ogre
  4801 | D:4      | Slain by an adder

Illustrated notes

Levels and vault maps discovered:
D:1:      kennysheep_arrival_seaside, layout_loops_ring, basic_ecumenical_altar,
          serial_forest, infiniplex_forest_clump_small, infiniplex_forest_end_3,
          infiniplex_forest_join, infiniplex_forest_end_2,
          infiniplex_forest_end_2, infiniplex_forest_clump_C
D:2:      layout_loops_ring, minmay_misc_feat_square
D:3:      layout_loops_corners, uniq_grinder
D:4:      layout_basic, nicolae_overflow_crystal_walls

Skill      XL: |  1  2  3 |
---------------+----------+-----
Unarmed Combat | 3 |  3.6
Dodging        | 4 |  4.2
Fighting       | |  3.7
Invocations    | |  1.7

Action                   |  1- 3 |  4- 6 || total
-------------------------+-------+-------++-------
Melee: Unarmed           |   226 |     4 ||   230
       Bite              |    17 |       ||    17
       Punch             |     4 |       ||     4
Evoke: Wand              |     1 |       ||     1
  Use: Potion            |     2 |     2 ||     4
 Stab: Sleeping          |     6 |       ||     6
Armor: Skin              |    16 |       ||    16
Dodge: Dodged            |   133 |     5 ||   138
